 Dungeon Crawl Stone Soup version 0.31.0-4-g52a2dc7128 (webtiles) character file.

Game seed: 8327116991508952675

162 Strat the Grave Robber (level 5, -5/28 HPs)
             Began as a Vine Stalker Necromancer on Jan 22, 2024.
             Killed by divine providence
             ... invoked by an orc priest
              (12 damage)
             ... on level 3 of the Dungeon.
             The game lasted 00:02:52 (1474 turns).

Strat the Grave Robber (Vine Stalker Necromancer)   Turns: 1474, Time: 00:02:53

Health: -5/28      AC:  4    Str: 11    XL:     5   Next: 43%
Magic:  0/9        EV: 12    Int: 17    God:
Gold:   113        SH:  0    Dex: 16    Spells: 7/8 levels left

rFire   . . .        h - +0 short sword
rCold   . . .        (no shield)
rNeg    . . .        n - +2 robe "Pysel" {Int+2}
rPois   .            (no helmet)
rElec   .            (no cloak)
rCorr   .            (no gloves)
SInv    .            (no boots)
Will    .....        (no amulet)
Stlth   ++           (no ring)
HPRegen 1.04/turn    (no ring)
MPRegen 0.11/turn

%: guardian spirit
@: no status effects
A: fangs 2, regeneration 1, magic shield, antimagic bite, no potion heal 2
a: no special abilities


You were on level 3 of the Dungeon.
You visited 1 branch of the dungeon, and saw 3 of its levels.

You collected 113 gold pieces.

Inventory:

Hand Weapons
 d - a +0 dagger
 h - a +0 short sword (weapon)
Armour
 a - a +0 robe
 n - the +2 robe "Pysel" (worn) {Int+2}
   (You found it on level 2 of the Dungeon)

   Int+2:     It affects your intelligence (+2).
Jewellery
 q - an amulet of faith
Scrolls
 c - a scroll of poison {unknown}
 e - 2 scrolls of vulnerability {unknown}
 f - 3 scrolls of blinking {unknown}
 i - 2 scrolls of teleportation {unknown}
 j - a scroll of amnesia {unknown}
 k - a scroll of enchant weapon {unknown}
 l - a scroll of immolation {unknown}
 m - a scroll of revelation {unknown}
 p - a scroll of torment {unknown}
 r - a scroll of noise {unknown}
Potions
 b - a potion of magic
 g - 2 potions of experience {unknown}
 o - a potion of degeneration {unknown}


   Skills:
 - Level 3.6 Fighting
 + Level 2.3 Short Blades
 - Level 1.5 Dodging
 - Level 2.4 Stealth
 - Level 2.1 Spellcasting
 - Level 4.0 Necromancy


You had 7 spell levels left.
You knew the following spells:

 Your Spells              Type           Power      Damage    Failure   Level
a - Necrotise             Necr           60%        1d7       3%          1

Your spell library contained the following spells:

 Spells                   Type           Power      Damage    Failure   Level
 Vampiric Draining        Necr           15%        2d7       11%         3
 Animate Dead             Necr           15%        N/A       36%         4
 Curse of Agony           Necr           15%        N/A       71%         5


Dungeon Overview and Level Annotations

Branches:
Dungeon (3/15)

Altars:


Innate Abilities, Weirdness & Mutations

You have extremely sharp teeth.
Your natural rate of healing is unusually fast.
When hurt, damage is shared between your health and your magic reserves.
Your bite disrupts and absorbs the magic of your enemies.
Potions cannot restore your health.


Message History

An orc comes into view. It is wielding a +0 mace.
The orc priest hits you but does no damage.
The orc attacks as it pursues you! The orc barely misses you.
The orc attacks as it pursues you! The orc barely misses you.
The orc priest barely misses you.
You hit the orc priest but do no damage.
The orc hits you with a +0 short sword.
The orc hits you from afar with a +0 trident.
* * * LOW HITPOINT WARNING * * *
You hit the orc priest but do no damage.
Your bite misses the orc priest.
The orc priest hits you with a +0 trident.
* * * LOW HITPOINT WARNING * * *
The orc hits you with a +0 short sword.
* * * LOW HITPOINT WARNING * * *
You hit the orc priest but do no damage.
The orc hits you from afar with a +0 trident.
* * * LOW HITPOINT WARNING * * *
The orc priest barely misses you.
You barely miss the orc priest. The orc hits you but does no damage.
The orc misses you.
The orc priest hits you but does no damage.
You hit the orc priest but do no damage.
Your bite misses the orc priest. The orc hits you with a +0 short sword.
* * * LOW HITPOINT WARNING * * *
The orc hits you from afar with a +0 trident.
* * * LOW HITPOINT WARNING * * *
The orc priest hits you with a +0 trident.
You completely miss the orc priest. The orc hits you but does no damage.
The orc hits you from afar with a +0 trident.
* * * LOW HITPOINT WARNING * * *
The orc hits you with a +0 mace.
* * * LOW HITPOINT WARNING * * *
The orc priest casts a cantrip, but nothing happens.
You barely miss the orc priest. The orc misses you.
The orc hits you from afar with a +0 trident.
* * * LOW HITPOINT WARNING * * *
The orc priest mumbles some strange prayers to Beogh against you.
Beogh smites you!
You die...

... ###.# #..# ####...# # .
#..#####....#.##########..
#.##....<.........o........#
.......###.####.###.....##
#......###.# #o# #.....#
#........# #o# #.o...#
###.##.....####o###.....#
................@o........
.....###.........o......###
....###..#..##...........
.....##.##......###......#
...........##...# #.......
......##†####.#.# ####
......##.####....##
................... ..#
.......####......# #. ..


You could see an orc priest and 4 orcs.

Vanquished Creatures
  An iguana (D:3)
  7 adders
  2 dart slugs
  6 orcs
  4 ball pythons
  4 bats
  6 endoplasms
  4 giant cockroaches
  2 goblins
  6 hobgoblins
  10 jackals
  2 frilled lizards
  3 kobolds
  4 rats
61 creatures vanquished.

Notes
Turn   | Place    | Note
-------+----------+-------------------------------------------
     0 | D:1      | Strat the Vine Stalker Necromancer began the quest for the
                  | Orb.
     0 | D:1      | Reached XP level 1. HP: 9/9 MP: 4/4
   156 | D:1      | Reached skill level 1 in Fighting
   171 | D:1      | Reached XP level 2. HP: 14/14 MP: 4/6
   588 | D:2      | Reached XP level 3. HP: 11/19 MP: 5/7
   859 | D:2      | Identified the +2 robe "Pysel" {Int+2}
   869 | D:2      | Reached XP level 4. HP: 20/24 MP: 6/8
  1198 | D:2      | Reached skill level 1 in Short Blades
  1325 | D:3      | Reached XP level 5. HP: 28/28 MP: 6/9
  1474 | D:3      | Killed from afar by an orc priest

Illustrated notes

Levels and vault maps discovered:
D:1:      reono_arrival_forest_river, layout_basic, minmay_indecisive_spiral
D:2:      layout_rooms
D:3:      minmay_diamond_boxcup, layout_rooms, minmay_randomly_rotated_circles,
          uniq_jessica

Skill      XL: |  1  2  3  4  5 |
---------------+----------------+-----
Fighting       | 1 2 3 |  3.6
Short Blades   | 1 2 |  2.3
Dodging        | |  1.5
Stealth        | |  2.4
Spellcasting   | |  2.1
Necromancy     | |  4.0

Action                     |  1- 3 |  4- 6 || total
---------------------------+-------+-------++-------
  Melee: Unarmed           |    50 |       ||    50
         Bite              |    37 |    44 ||    81
         Dagger            |    32 |       ||    32
         Short sword       |    70 |   175 ||   245
         Punch             |     1 |     2 ||     3
   Stab: Sleeping          |     5 |     1 ||     6
         Distracted        |       |     1 ||     1
 Armour: Robe              |    72 |    99 ||   171
  Dodge: Dodged            |    94 |   104 ||   198
